 Dungeon Crawl Stone Soup version 0.18-a0-1070-gd466a24 (webtiles) character file.

504 ater218 the Magician (level 6, -5/32 HPs)
             Began as a Deep Elf Ice Elementalist on Jan 13, 2016.
             Shot with an arrow by a centaur (12 damage)
             ... on level 5 of the Dungeon.
             The game lasted 00:40:23 (6357 turns).

ater218 the Magician (Deep Elf Ice Elementalist)    Turns: 6357, Time: 00:40:23

Health: -5/32      AC:  3    Str:  7    XL:     6   Next: 96%
Magic:  11/17      EV: 13    Int: 22    God:
Gold:   155        SH:  0    Dex: 15    Spells: 3 memorised, 14 levels left

rFire  + . .     SeeInvis .     g - staff of fire
rCold  . . .     Gourm    .     a - +1 robe
rNeg   . . .     Faith    .     (no shield)
rPois  .         Spirit   .     (no helmet)
rElec  .         Dismiss  .     (no cloak)
rCorr  .         Reflect  .     (no gloves)
SustAt .         Harm     .     (no boots)
MR     .....                    (no amulet)
Stlth  ++........               (no ring)
                                i - +2 ring of strength

@: not resistant to hostile enchantments, unstealthy
A: no striking features
a: no special abilities


You were on level 5 of the Dungeon.
You were not hungry.

You visited 1 branch of the dungeon, and saw 5 of its levels.

You collected 155 gold pieces.

Inventory:

Hand Weapons
 h - a +1 vampiric whip
Armour
 a - a +1 robe (worn)
 d - a +3 leather armour
Magical Staves
 g - an uncursed staff of fire (weapon)
Jewellery
 i - a +2 ring of strength (left hand)
Wands
 l - a wand of slowing (15/48)
Scrolls
 c - a scroll of remove curse
 e - a scroll of amnesia
 m - a scroll of teleportation
Potions
 f - a potion of agility
Books
 b - a book of Frost

   Spells                             Type                      Level
   a - Freeze                         Ice                          1
   b - Throw Frost                    Conjuration/Ice              2
   c - Ozocubu's Armour               Charms/Ice                   3
   d - Throw Icicle                   Conjuration/Ice              4
   e - Summon Ice Beast               Ice/Summoning                4
   f - Condensation Shield            Ice                          4
 k - a book of Cantrips

   Spells                             Type                      Level
   a - Corona                         Hexes                        1
   b - Animate Skeleton               Necromancy                   1
   c - Summon Small Mammal            Summoning                    1
   d - Apportation                    Translocation                1
Comestibles
 j - a bread ration


   Skills:
 + Level 0.2 Staves
 + Level 2.9 Dodging
 + Level 2.4 Stealth
 + Level 6.7 Spellcasting
 * Level 3.8 Conjurations
 * Level 1.0 Necromancy
 + Level 5.4 Ice Magic


You had 14 spell levels left.
You knew the following spells:

 Your Spells              Type           Power        Failure   Level  Hunger
a - Freeze                Ice            ###.         1%          1    None
b - Throw Frost           Conj/Ice       ##....       1%          2    None
c - Animate Skeleton      Necr           N/A          8%          1    None


Dungeon Overview and Level Annotations

Branches:
Dungeon (5/15)
 Temple: D:4-7

Altars:
Ru

Annotations:
D:4 Grinder


Message History

The centaur shoots an arrow.
The arrow hits you!
Casting: Throw Frost
Confirm with . or Enter, or press ? or * to list all spells.
Aiming: Throw Frost
Press: ? - help, Shift-Dir - straight line, f/p - centaur
Aim: a centaur, wielding a shortbow (moderately wounded)
You feel a numb sensation.
The puff of frost hits the centaur.
The centaur is heavily wounded.
The centaur shoots an arrow.
The arrow hits you!
Casting: Throw Frost
Confirm with . or Enter, or press ? or * to list all spells.
Aiming: Throw Frost
Press: ? - help, Shift-Dir - straight line, f/p - centaur
Aim: a centaur, wielding a shortbow (heavily wounded)
You feel a numb sensation.
The puff of frost hits the centaur.
The centaur is almost dead.
The centaur shoots an arrow.
The arrow hits you.
* * * LOW HITPOINT WARNING * * *
The centaur shoots an arrow.
The arrow hits you!
You die...

...................# ### #####
..####.#########'#........#......
..<..#.#########.########.#......
...............>..............###
.....#.######..##########<.......
###..# # ##...# #...##.....###
..# #...##.....##....... # ..#
#...#...... .....#. # +..@'..c.$.
.#...# # #...#...... .....# #
#..# #...# ..... .# #.# # #..#
#...# ...# .. .. # #..# #...# ###
# #..# #...# # #..# #...# # #..#
#...# # #..# +...+


You could see a centaur.

Vanquished Creatures
  A scorpion (D:4)
  3 orc wizards
  An orc priest (D:3)
  Natasha (thrice) (D:3)
  2 worker ants (D:4)
  5 adders
  A gnoll (D:2)
  A shadow imp (D:5)
  7 worms
  5 giant geckos
  9 orcs
  5 giant cockroaches
  9 goblins
  7 hobgoblins
  3 jackals (D:2)
  3 quokkas
  A ball python (D:1)
  7 bats
  A giant gecko skeleton (D:5)
  12 giant newts
  7 kobolds
  A quokka skeleton (D:4)
  7 rats
101 creatures vanquished.

Vanquished Creatures (collateral kills)
  A water moccasin zombie (D:5)
  A giant gecko skeleton (D:5)
2 creatures vanquished.

Grand Total: 103 creatures vanquished

Notes
Turn   | Place    | Note
--------------------------------------------------------------
     0 | D:1      | ater218 the Deep Elf Ice Elementalist began the quest for the Orb.
     0 | D:1      | Reached XP level 1. HP: 10/10 MP: 6/6
   206 | D:1      | Reached XP level 2. HP: 10/15 MP: 4/8
   550 | D:1      | Reached skill level 4 in Spellcasting
   554 | D:1      | Learned a level 2 spell: Throw Frost
   749 | D:2      | Reached XP level 3. HP: 19/19 MP: 4/10
  1226 | D:2      | Reached XP level 4. HP: 24/24 MP: 5/12
  1526 | D:2      | Found a sacrificial altar of Ru.
  1950 | D:2      | Reached skill level 5 in Spellcasting
  2656 | D:3      | Reached XP level 5. HP: 12/28 MP: 5/14
  3086 | D:3      | Noticed Natasha
  3092 | D:3      | Killed Natasha
  3130 | D:3      | Noticed Natasha
  3134 | D:3      | Killed Natasha
  3280 | D:3      | Noticed Grinder
  3283 | D:3      | Paralysed by Grinder for 3 turns
  4057 | D:4      | Learned a level 1 spell: Animate Skeleton
  4131 | D:4      | Reached skill level 6 in Spellcasting
  4131 | D:4      | Reached XP level 6. HP: 32/32 MP: 3/17
  4465 | D:4      | Reached skill level 5 in Ice Magic
  5294 | D:3      | Noticed Natasha
  5299 | D:3      | Killed Natasha
  5315 | D:3      | Paralysed by Grinder for 4 turns
  5404 | D:5      | Entered Level 5 of the Dungeon
  5991 | D:5      | Reached skill level 1 in Necromancy
  6357 | D:5      | Shot with an arrow by a centaur

Vault maps used:
D:1:      lemuel_arrival_rhombus, minmay_misc_feat_cross
D:2:      nicolae_ru_awakened_eye
D:3:      grunt_decor_arrowhead, uniq_crazy_yiuf_cottage, uniq_natasha,
          uniq_grinder
D:5:      kennysheep_six_static_rooms, minmay_temple_entry_hall, first_bread,
          enter_ossuary_5

Action                   |  1- 3 |  4- 6 || total
-------------------------+-------+-------++-------
Melee: Unarmed           |     3 |       ||     3
       Staff             |       |    27 ||    27
 Cast: Freeze            |    32 |    60 ||    92
       Throw Frost       |    19 |   148 ||   167
       Animate Skeleton  |       |     2 ||     2
Evoke: Wand              |       |     2 ||     2
  Use: Scroll            |     3 |     8 ||    11
       Potion            |     2 |     6 ||     8
  Eat: Chunk             |     1 |     5 ||     6
       Pizza             |       |     1 ||     1
       Meat ration       |       |     2 ||     2
       Bread ration      |       |     1 ||     1
